 Dungeon Crawl Stone Soup version 0.21.1-1-g345015f (webtiles) character file.

46 Iko the Chiller (level 3, -1/25 HPs)
             Began as a Gnoll Ice Elementalist on June 12, 2018.
             Slain by inc's ghost (7 damage)
             ... on level 3 of the Dungeon.
             The game lasted 00:06:08 (509 turns).

Iko the Chiller (Gnoll Ice Elementalist)             Turns: 509, Time: 00:06:09

Health: -1/25      AC:  5    Str: 11    XL:     3   Next: 68%
Magic:  8/9        EV: 12    Int: 17    God:    Xom [..*...]
Gold:   87         SH:  0    Dex: 15    Spells: 11/12 levels left

rFire    . . .     SeeInvis .   d - +0 hand axe
rCold    . . .     Gourm    .   (no shield)
rNeg     . . .     Faith    .   e - +0 ring mail
rPois    .         Spirit   .   (no helmet)
rElec    .         Reflect  .   (no cloak)
rCorr    .         Harm     .   (no gloves)
MR       .....                  (no boots)
Stlth    ++........             (no amulet)
HPRegen  0.08/turn              (no ring)
MPRegen  0.11/turn              (no ring)

@: very slightly contaminated, invisible
A: distributed training, fangs 1, strong nose
a: Renounce Religion


You were on level 3 of the Dungeon.
You worshipped Xom.
You were a toy of Xom.
You were not hungry.

You visited 1 branch of the dungeon, and saw 3 of its levels.

You collected 87 gold pieces.

Inventory:

Hand Weapons
 d - a +0 hand axe (weapon)
Armour
 e - a +0 ring mail (worn)
 f - a +2 pair of gloves
Books
 b - a book of Frost

   Spells                             Type                      Level
   a - Freeze                         Ice                          1
   b - Throw Frost                    Conjuration/Ice              2
   c - Ozocubu's Armour               Charms/Ice                   3
   d - Throw Icicle                   Conjuration/Ice              4
   e - Summon Ice Beast               Ice/Summoning                4
Comestibles
 c - 4 rations


   Skills:
 + Level 0.9 Fighting
 + Level 0.9 Short Blades
 + Level 0.9 Long Blades
 + Level 0.9 Axes
 + Level 0.9 Maces & Flails
 + Level 0.9 Polearms
 + Level 0.9 Staves
 + Level 0.9 Slings
 + Level 0.9 Bows
 + Level 0.9 Crossbows
 + Level 0.9 Throwing
 + Level 0.9 Armour
 + Level 4.5 Dodging
 + Level 4.2 Stealth
 + Level 0.9 Shields
 + Level 0.9 Unarmed Combat
 + Level 5.0 Spellcasting
 + Level 2.1 Conjurations
 + Level 0.6 Hexes
 + Level 0.6 Charms
 + Level 0.6 Summonings
 + Level 0.6 Necromancy
 + Level 0.6 Translocations
 + Level 0.6 Transmutations
 + Level 0.6 Fire Magic
 + Level 5.4 Ice Magic
 + Level 0.6 Air Magic
 + Level 0.6 Earth Magic
 + Level 0.6 Poison Magic
 + Level 1.0 Invocations
 + Level 0.9 Evocations


You had 11 spell levels left.
You knew the following spells:

 Your Spells              Type           Power        Failure   Level  Hunger
a - Freeze                Ice            ###.         3%          1    None


Dungeon Overview and Level Annotations

Branches:
Dungeon (3/15)

Altars:
Xom

Annotations:
D:3 inc's ghost, amateur OpTm


Innate Abilities, Weirdness & Mutations

Your experience applies equally to all skills.
You have very sharp teeth.
Your uncanny sense of smell can sniff out nearby items.


Message History

Confirm with . or Enter, or press ? or * to list all spells.
Aiming: Freeze
Press: ? - help, Shift-Dir - straight line, f - inc's ghost
Aim: inc's ghost (lightly damaged)
You freeze inc's ghost.
Inc's ghost is lightly damaged.
Inc's ghost completely misses you.
You hit inc's ghost.
Inc's ghost is moderately damaged.
Inc's ghost hits you.
* * * LOW HITPOINT WARNING * * *
A rat comes into view.
You closely miss inc's ghost.
Inc's ghost is moderately damaged.
Inc's ghost hits you but does no damage.
You barely miss inc's ghost.
Inc's ghost is moderately damaged.
Inc's ghost hits you!
You die...
Xom titters!

..#.##.. #.#<####
. #.#.# .. ##.#.#
.#.####....# #
...........###..#
..............#
.#..###.###.##
...#.@W##
...##### .. ∆ ∆


You could see inc's ghost.

Vanquished Creatures
  An adder (D:3)
  An ooze (D:3)
  2 dart slugs
  A leopard gecko (D:3)
  2 bats (D:1)
  2 giant cockroaches
  3 goblins
  5 hobgoblins
  4 jackals (D:3)
  A kobold (D:1)
  A quokka (D:3)
  A rat (D:2)
24 creatures vanquished.

Notes
Turn   | Place    | Note
-------+----------+-------------------------------------------
     0 | D:1      | Iko the Gnoll Ice Elementalist began the quest for the Orb.
     0 | D:1      | Reached XP level 1. HP: 13/13 MP: 6/6
   167 | D:1      | Reached XP level 2. HP: 17/19 MP: 5/7
   240 | D:1      | You fall through a shaft!
   344 | D:3      | Found a faded altar of an unknown god.
   367 | D:3      | Reached XP level 3. HP: 18/25 MP: 7/9
   374 | D:3      | Reached skill level 5 in Spellcasting
   411 | D:3      | Became a worshipper of Xom the Fickle
   417 | D:3      | Reached skill level 1 in Invocations
   498 | D:3      | Noticed inc's ghost (amateur OpTm)
   509 | D:3      | Slain by inc's ghost

Skill      XL: |  1  2  3 |
---------------+----------+-----
Conjurations   | 2 |  2.1
Spellcasting   | 5 |  5.0
Invocations    | 1 |  1.0
Fighting       | |  0.9
Short Blades   | |  0.9
Long Blades    | |  0.9
Axes           | |  0.9
Maces & Flails | |  0.9
Polearms       | |  0.9
Staves         | |  0.9
Slings         | |  0.9
Bows           | |  0.9
Crossbows      | |  0.9
Throwing       | |  0.9
Armour         | |  0.9
Dodging        | |  4.5
Stealth        | |  4.2
Shields        | |  0.9
Unarmed Combat | |  0.9
Hexes          | |  0.6
Charms         | |  0.6
Summonings     | |  0.6
Necromancy     | |  0.6
Translocations | |  0.6
Transmutations | |  0.6
Fire Magic     | |  0.6
Ice Magic      | |  5.4
Air Magic      | |  0.6
Earth Magic    | |  0.6
Poison Magic   | |  0.6
Evocations     | |  0.9

Action                   || total
-------------------------++-------
Melee: Hand axe          ||    73
       Unarmed           ||     4
       Bite              ||     8
 Cast: Freeze            ||    14
  Use: Scroll            ||     4
       Potion            ||     3
 Stab: Sleeping          ||     2
Armor: Robe              ||     3
       Ring mail         ||    30
Dodge: Dodged            ||    84
